 Dungeon Crawl Stone Soup version 0.22-a0-265-g0d8bc90 (webtiles) character file.

121 tidbits the Insei (level 5, -6/60 HPs)
             Began as a Gnoll Transmuter on Mar 6, 2018.
             Killed from afar by an orc wizard (8 damage)
             ... with a puff of flame
             ... on level 4 of the Dungeon.
             The game lasted 00:05:36 (554 turns).

tidbits the Insei (Gnoll Transmuter)                 Turns: 554, Time: 00:05:37

Health: -6/60      AC: 22    Str: 13    XL:     5   Next: 5%
Magic:  6/12       EV:  2    Int: 16    God:
Gold:   142        SH:  0    Dex: 15    Spells: 8/14 levels left

rFire    . . .     SeeInvis .   q - +0 dagger (drain)
rCold    . . .     Gourm    .   (no shield)
rNeg     + + +     Faith    .   (armour currently unavailable)
rPois    +         Spirit   .   (helmet currently unavailable)
rElec    .         Reflect  .   (cloak currently unavailable)
rCorr    .         Harm     .   (gloves currently unavailable)
MR       .....     NoTele   +   (boots currently unavailable)
Stlth    +++.......             (no amulet)
HPRegen  0.20/turn              p - ring of stealth
MPRegen  0.13/turn              (no ring)

@: tree-form
A: distributed training, strong nose
a: no special abilities


You were on level 4 of the Dungeon.
You were not hungry.
You were a tree.
You visited 1 branch of the dungeon, and saw 5 of its levels.

You collected 142 gold pieces.

Inventory:

Hand Weapons
 j - a +0 dagger
 q - a +0 dagger of draining (weapon)
   (You found it on level 2 of the Dungeon)
 u - a +0 long sword of holy wrath
   (You found it on level 3 of the Dungeon)
Missiles
 a - 35 arrows
 c - 47 stones
 i - 2 tomahawks (quivered)
Armour
 b - a +0 robe (melded)
 e - a +0 ring mail
 n - a +0 ring mail of cold resistance
   (You found it on level 3 of the Dungeon)
Jewellery
 p - a ring of stealth (left branch)
   (You found it on level 3 of the Dungeon)
Scrolls
 h - a scroll of fog {unknown}
 k - 2 scrolls of remove curse {unknown}
 l - a scroll of magic mapping {unknown}
 m - a scroll of teleportation {unknown}
 o - a scroll of immolation {unknown}
 t - a scroll of identify {unknown}
Potions
 f - a potion of curing {unknown}
 g - a potion of heal wounds {unknown}
Comestibles
 d - 6 rations


   Skills:
 + Level 2.8 Fighting
 + Level 1.3 Short Blades
 + Level 1.3 Long Blades
 + Level 1.3 Axes
 + Level 1.3 Maces & Flails
 + Level 1.3 Polearms
 + Level 1.3 Staves
 + Level 1.3 Slings
 + Level 1.3 Bows
 + Level 1.3 Crossbows
 + Level 1.3 Throwing
 + Level 1.3 Armour
 + Level 4.7 Dodging
 + Level 1.3 Stealth
 + Level 1.3 Shields
 + Level 6.6 Unarmed Combat
 + Level 5.1 Spellcasting
 + Level 1.0 Conjurations
 + Level 1.0 Hexes
 + Level 1.0 Charms
 + Level 1.0 Summonings
 + Level 1.0 Necromancy
 + Level 1.0 Translocations
 + Level 3.9 Transmutations
 + Level 1.0 Fire Magic
 + Level 1.0 Ice Magic
 + Level 1.0 Air Magic
 + Level 1.0 Earth Magic
 + Level 1.0 Poison Magic
 + Level 1.4 Invocations
 + Level 1.3 Evocations


You had 8 spell levels left.
You knew the following spells:

 Your Spells              Type           Power        Failure   Level  Hunger
e - Beastly Appendage     Tmut           ###...       3%          1    None
k - Sticks to Snakes      Tmut           ###.....     4%          2    #......
p - Spider Form           Tmut/Pois      ##........   16%         3    ###....


Dungeon Overview and Level Annotations

Branches:
Dungeon (5/15)
 Temple: D:4-7

Altars:
Dithmenos
Ru


Innate Abilities, Weirdness & Mutations

Your experience applies equally to all skills.
((You have very sharp teeth.))
Your uncanny sense of smell can sniff out nearby items.


Message History

You barely miss the adder.
The adder is moderately wounded.
The adder bites you but does no damage.
You hit the adder.
The adder looks as sick as possible!
The adder is heavily wounded.
The adder misses you.
You bite the adder!
You kill the adder!
You have reached level 5!
Your transformation is almost over.
There is a stone staircase leading down here.
You climb downwards.
You hear the sound of rushing water.
There is an entrance to a sewer on this level.
Hurry and find it before the portal rusts away!
There is a stone staircase leading up here.
Your transformation has ended.
Your +0 dagger of draining unmelds from your body.
Your +0 robe unmelds from your body.
You sense an unholy aura.
You see here a smoky sapphire potion.
v - a smoky sapphire potion Unknown command.
Items here: ) [[ †† a chain mail; a robe; a dagger; an orc corpse x2
There is an open door, spattered with blood here.
Things that are here:
a trident; an orc corpse You hear the slow rusting of a distant drain.
You open the door.
An orc and an orc wizard come into view.
An orc wizard comes into view. It is wielding an enchanted dagger.
There is an open door here.
The orc wizard shouts! x2; The orc shouts!
You hear an angry hiss.
You hear a bark!
The orc wizard completely misses you.
You hear a bark!
Found 8 tomahawks.
Unknown command.
There is an open door here.
Casting: Spider Form (safe; 16% risk of failure)
Confirm with . or Enter, or press ? or * to list all spells.
You turn into a venomous arachnid creature.
Your +0 dagger of draining melds into your body.
Your +0 robe melds into your body.
The orc wizard completely misses you. The orc barely misses you.
You hit the orc.
The orc is poisoned.
The orc is severely wounded.
The orc wizard gestures wildly while chanting.
The orc wizard flickers and vanishes!
You hit the orc.
You kill the orc!
Casting: Spider Form (safe; 34% risk of failure)
Confirm with . or Enter, or press ? or * to list all spells.
You create a snake!
You now have 35 arrows.
The orc wizard points at you and mumbles some strange words.
The magic dart hits you!
* * * LOW HITPOINT WARNING * * *
You swing at nothing.
The orc wizard gestures at you while chanting.
The magic dart hits you!
* * * LOW HITPOINT WARNING * * *
Unknown command.
It was a potion of resistance.
You feel protected.
The orc wizard points at you and mumbles some strange words.
You resist with some effort.
Your ball python closely misses something.
It was a potion of cancellation.
Your magical effects are unravelling.
You feel magically purged.
Your transformation has ended.
Your +0 dagger of draining unmelds from your body.
Your +0 robe unmelds from your body.
You sense an unholy aura.
Your resistance to elements expires.
The orc wizard points at you and mumbles some strange words.
The magic dart hits you!
* * * LOW HITPOINT WARNING * * *
Something hits you but does no damage.
Your ball python bites something but does no damage.
It was a potion of lignification.
You turn into a tree.
Your +0 robe melds into your body.
Your roots penetrate the ground.
Your ball python closely misses something.
You hear some strange, mumbled words.
Something tries to affect you, but you resist.
You hit the orc wizard but do no damage.
You drain the orc wizard!
The orc wizard is moderately wounded.
Your ball python barely misses something.
The orc wizard points at you and mumbles some strange words.
You resist with some effort. Something hits you but does no damage.
You hit the orc wizard.
The orc wizard is moderately wounded.
Your ball python misses something.
The orc wizard hits you but does no damage.
Something hits you but does no damage.
Your ball python barely misses something.
You barely miss the orc wizard.
The orc wizard is moderately wounded.
The orc wizard casts a spell at you. The puff of flame hits you!
You die...

#.....#....#....#
#.....#....#....#
#.....#...['[...#
#.....#...>#....#
#....##<..##.)..#
############....#
∆ #>....# #....S#
#...♣)# #####o#
#....# #.o...#
#.....+ .......#
........#
...##....## ...
#....#


You could see an orc wizard and a friendly ball python.

Vanquished Creatures
  An orc priest (D:4)
  An orc wizard (D:4)
  3 adders (D:3)
  A worm (D:2)
  A leopard gecko (D:1)
  5 orcs
  3 giant cockroaches
  2 goblins
  5 hobgoblins
  A bat (D:2)
  4 rats
27 creatures vanquished.

Vanquished Creatures (collateral kills)
  A worm (D:3)
1 creature vanquished.

Grand Total: 28 creatures vanquished

Notes
Turn   | Place    | Note
-------+----------+-------------------------------------------
     0 | D:1      | tidbits the Gnoll Transmuter began the quest for the Orb.
     0 | D:1      | Reached XP level 1. HP: 17/17 MP: 6/6
   119 | D:2      | Found a shadowy altar of Dithmenos.
   135 | D:2      | Found a sacrificial altar of Ru.
   139 | D:2      | Reached XP level 2. HP: 22/23 MP: 5/7
   143 | D:2      | Learned a level 2 spell: Sticks to Snakes
   262 | D:3      | Reached XP level 3. HP: 10/28 MP: 3/9
   267 | D:3      | Learned a level 3 spell: Spider Form
   277 | D:3      | Reached skill level 5 in Spellcasting
   378 | D:3      | Reached skill level 1 in Invocations
   445 | D:5      | Entered Level 5 of the Dungeon
   460 | D:4      | Reached skill level 1 in Short Blades
   460 | D:4      | Reached skill level 1 in Long Blades
   460 | D:4      | Reached skill level 1 in Axes
   460 | D:4      | Reached skill level 1 in Maces & Flails
   460 | D:4      | Reached skill level 1 in Polearms
   460 | D:4      | Reached skill level 1 in Staves
   460 | D:4      | Reached skill level 1 in Slings
   460 | D:4      | Reached skill level 1 in Bows
   460 | D:4      | Reached skill level 1 in Crossbows
   460 | D:4      | Reached skill level 1 in Throwing
   460 | D:4      | Reached skill level 1 in Armour
   460 | D:4      | Reached skill level 1 in Stealth
   460 | D:4      | Reached skill level 1 in Shields
   460 | D:4      | Reached skill level 1 in Evocations
   460 | D:4      | Reached XP level 4. HP: 19/34 MP: 3/11
   466 | D:4      | Reached skill level 1 in Conjurations
   466 | D:4      | Reached skill level 1 in Hexes
   466 | D:4      | Reached skill level 1 in Charms
   466 | D:4      | Reached skill level 1 in Summonings
   466 | D:4      | Reached skill level 1 in Necromancy
   466 | D:4      | Reached skill level 1 in Translocations
   466 | D:4      | Reached skill level 1 in Fire Magic
   466 | D:4      | Reached skill level 1 in Ice Magic
   466 | D:4      | Reached skill level 1 in Air Magic
   466 | D:4      | Reached skill level 1 in Earth Magic
   466 | D:4      | Reached skill level 1 in Poison Magic
   503 | D:3      | Reached XP level 5. HP: 17/40 MP: 5/12
   550 | D:4      | HP: 1/40 [orc wizard/magic dart (11)]
   554 | D:4      | Killed from afar by an orc wizard

Vault maps used:
D:1:      saegor_arrival_simple_a, st_stairs_13, minmay_misc_feat_encased
D:2:      grunt_dithmenos_smoke_and_mirrors, nicolae_qazlal_general_emergency,
          nicolae_ru_sacrificial_ziggurat
D:3:      tgw_sif, first_ration
D:4:      temple_fountains, portal_sewer_entry_a
D:5:      nicolae_overflow_hidden_temple, serial_shops, shop_fountains, shop,
          uniq_duvessa

Skill      XL: |  1  2  3  4 |
---------------+-------------+-----
Spellcasting   | 5 |  5.1
Invocations    | 1 |  1.4
Short Blades   | 1 |  1.3
Long Blades    | 1 |  1.3
Axes           | 1 |  1.3
Maces & Flails | 1 |  1.3
Polearms       | 1 |  1.3
Staves         | 1 |  1.3
Slings         | 1 |  1.3
Bows           | 1 |  1.3
Crossbows      | 1 |  1.3
Throwing       | 1 |  1.3
Armour         | 1 |  1.3
Stealth        | 1 |  1.3
Shields        | 1 |  1.3
Evocations     | 1 |  1.3
Conjurations   | 1 |  1.0
Hexes          | 1 |  1.0
Charms         | 1 |  1.0
Summonings     | 1 |  1.0
Necromancy     | 1 |  1.0
Translocations | 1 |  1.0
Fire Magic     | 1 |  1.0
Ice Magic      | 1 |  1.0
Air Magic      | 1 |  1.0
Earth Magic    | 1 |  1.0
Poison Magic   | 1 |  1.0
Fighting       | |  2.8
Dodging        | |  4.7
Unarmed Combat | |  6.6
Transmutations | |  3.9

Action                   |  1- 3 |  4- 6 || total
-------------------------+-------+-------++-------
Melee: Unarmed           |    53 |    11 ||    64
       Kick              |     4 |       ||     4
       Bite              |     5 |       ||     5
       Dagger            |       |     3 ||     3
 Cast: Beastly Appendage |    11 |       ||    11
       Sticks to Snakes  |     2 |     1 ||     3
       Spider Form       |     4 |     2 ||     6
  Use: Potion            |       |     3 ||     3
 Stab: Sleeping          |     2 |       ||     2
Armor: Robe              |     2 |       ||     2
       Skin              |       |     1 ||     1
Dodge: Dodged            |    23 |     9 ||    32

Table legend:
 A = Spawn XP
 B = Non-spawn XP
 C = Spawn XP percentage of total XP
 D = Spawn monster count
 E = Non-spawn monster count
 F = Spawn count percentage of total count
 G = Total turns spent on level
                    A         B        C        D         E        F      G
               +---------+---------+-------+---------+---------+-------+---------
         Total |       0 |     174 |   0.0 |       0 |      28 |   0.0 |   554
               +---------+---------+-------+---------+---------+-------+---------
           D:1 |       0 |       9 |   0.0 |       0 |       5 |   0.0 |   124
           D:2 |       0 |      19 |   0.0 |       0 |       9 |   0.0 |   156
           D:3 |       0 |      56 |   0.0 |       0 |       9 |   0.0 |   174
           D:4 |       0 |      90 |   0.0 |       0 |       5 |   0.0 |    96
               +---------+---------+-------+---------+---------+-------+---------

Table legend:
 A = Turns spent in this place as a percentage of turns spent in the entire game.
 B = Non-inter-level travel turns spent in this place as a percentage of non-inter-level travel turns spent in the entire game.
 C = Inter-level travel turns spent in this place as a percentage of turns spent in this place.
 D = Turns resting spent in this place as a percentage of non-inter-level travel turns spent in this place.
 E = Turns spent auto-exploring this place as a percentage of non-inter-level travel turns spent in this place.
 F = Non-inter-level travel turns spent in this place divided by the number of levels of this place that you've seen.
                   A       B       C       D       E      F
               +-------+-------+-------+-------+-------+----------------------
         Total | 100.0 | 100.0 |   0.0 |   0.0 |   0.0 | 110.8
       Dungeon | 100.0 | 100.0 |   0.0 |   0.0 |   0.0 | 110.8
               +-------+-------+-------+-------+-------+----------------------

Table legend:
 A = Kills in this place as a percentage of kills in entire the game.
 B = Kills by you in this place as a percentage of kills by you in the entire game.
 C = Kills by friends in this place as a percentage of kills by friends in the entire game.
 D = Other kills in this place as a percentage of other kills in the entire game.
 E = Experience gained in this place as a percentage of experience gained in the entire game.
 F = Experience gained in this place divided by the number of levels of this place that you have seen.
                   A       B       C       D       E      F
               +-------+-------+-------+-------+-------+----------------------
         Total | 100.0 | 100.0 | 100.0 |   N/A | 100.0 |  34.8
       Dungeon | 100.0 | 100.0 | 100.0 |   N/A | 100.0 |  34.8
               +-------+-------+-------+-------+-------+----------------------

Vault maps used:
D:1:      saegor_arrival_simple_a, st_stairs_13, minmay_misc_feat_encased
D:2:      grunt_dithmenos_smoke_and_mirrors, nicolae_qazlal_general_emergency,
          nicolae_ru_sacrificial_ziggurat
D:3:      tgw_sif, first_ration
D:4:      temple_fountains, portal_sewer_entry_a
D:5:      nicolae_overflow_hidden_temple, serial_shops, shop_fountains, shop,
          uniq_duvessa
